 Dungeon Crawl Stone Soup version 0.22-a0-367-gb72a975 (webtiles) character file.

3972 Amnesiac the Nimble (level 10, -3/80 HPs)
             Began as a Mummy Wizard on Apr 22, 2018.
             Was a Believer of Kikubaaqudgha.
             Shot with a bolt by an orc warrior (13 damage)
             ... in a bailey.
             The game lasted 00:22:41 (8754 turns).

Amnesiac the Nimble (Mummy Wizard)                  Turns: 8754, Time: 00:22:43

Health: -3/80      AC:  3    Str: 10    XL:     10   Next: 2%
Magic:  3/19       EV: 16    Int: 20    God:    Kikubaaqudgha [**....]
Gold:   195        SH:  0    Dex: 12    Spells: 8/21 levels left

rFire    . . .     SeeInvis .   a - +5 hunting sling
rCold    + . .     Gourm    .   (no shield)
rNeg     + + +     Faith    .   c - +0 robe
rPois    ∞         Spirit   .   n - +0 helmet
rElec    .         Reflect  .   (no cloak)
rCorr    .         Harm     .   (no gloves)
MR       +....                  (no boots)
Stlth    ++........             l - amulet of magic regeneration
HPRegen  0.23/turn              h - ring of wizardry
MPRegen  0.41/turn              e - ring of protection from fire

@: very slightly contaminated
A: no food or potions, fire vulnerability, cold resistance 1, negative energy
resistance 3, torment resistance, unbreathing
a: Receive Corpses, Renounce Religion


You were in a bailey.
You worshipped Kikubaaqudgha.
Kikubaaqudgha was pleased with you.
You were not hungry.

You visited 2 branches of the dungeon, and saw 9 of its levels.
You also visited: Bailey.

You collected 352 gold pieces.
You spent 157 gold pieces at shops.

Inventory:

Hand Weapons
 a - a +5 hunting sling (weapon)
 k - a +0 longbow
Missiles
 f - 217 stones (quivered)
 g - 50 sling bullets
Armour
 c - a +0 robe (worn)
 n - a +0 helmet (worn)
 q - the -2 hat of the Alchemist {rElec rPois rF+ rC+ rN+ MR+ rMut rCorr}
   (You found it in a bailey)

   It protects you from fire.
   It protects you from cold.
   It insulates you from electricity.
   It protects you from poison.
   It protects you from negative energy.
   It affects your resistance to hostile enchantments.
   It protects you from acid and corrosion.
   It protects you from mutation.
Jewellery
 e - a ring of protection from fire (right hand)
 h - a ring of wizardry (left hand)
 l - an amulet of magic regeneration (around neck)
 m - an uncursed amulet of the acrobat
Scrolls
 b - 2 scrolls of teleportation {!r}
 d - 2 scrolls of magic mapping {!r}
 i - 3 scrolls of remove curse {!r}
 j - 3 scrolls of blinking {!r}
 p - 4 scrolls of identify {!r}
Miscellaneous
 o - a box of beasts


   Skills:
 + Level 7.8 Fighting
 * Level 8.4 Dodging
 - Level 1.5 Stealth
 - Level 6.0 Spellcasting
 - Level 0.7 Conjurations
 - Level 0.7 Summonings
 - Level 6.0 Necromancy
 - Level 0.7 Translocations


You had 8 spell levels left.
You knew the following spells:

 Your Spells              Type           Power        Failure   Level  Hunger
b - Call Imp              Summ           #.......     4%          2    N/A
d - Vampiric Draining     Necr           ####......   1%          3    N/A
e - Mephitic Cloud        Conj/Pois/Air  #.......     12%         3    N/A
s - Conjure Flame         Conj/Fire      #.......     11%         3    N/A
v - Blink                 Tloc           N/A          4%          2    N/A

Dungeon Overview and Level Annotations

Branches:
Dungeon (8/15)             Temple (1/1) D:4
   Lair: D:8-11

Altars:
Ashenzari
Cheibriados
Dithmenos
Elyvilon
Fedhas
Gozag
Hepliaklqana
Kikubaaqudgha
Nemelex Xobeh
Okawaru
Qazlal
Ru
Sif Muna
Trog
Uskayaw
Vehumet
Xom
Yredelemnul
The Shining One

Shops:
D:5 ?   D:7 *

Annotations:
D:2 exclusion: downstairs
D:4 exclusion: downstairs


Innate Abilities, Weirdness & Mutations

You do not eat or drink.
Your flesh is vulnerable to fire.
You are immune to poison.
Your flesh is cold resistant. (rC+)
You are immune to negative energy. (rN+++)
You are immune to unholy pain and torment.
You can survive without breathing.


Message History

Press: ? - help, Shift-Dir - straight line, f - orc, p - orc
Aim: an orc, wielding a trident and wearing a scale mail You shoot a stone.
The stone hits the orc!
You kill the orc!
Kikubaaqudgha accepts your kill.
The orc says, "I'm a little confused."
The orc warrior laughs crazily.
Unknown command.
Firing (i - inventory. (/) - cycle)
f - 220 stones (quivered)
Press: ? - help, Shift-Dir - straight line, f - orc
Aim: an orc, wielding a trident and wearing a chain mail (lightly wounded, confused)
Okay, then.
The orc warrior unwields an uncursed arbalest.
The orc warrior hits the orc!
The orc is killed!
Kikubaaqudgha accepts your kill.
You see here the -2 hat of the Alchemist {rElec rPois rF+ rC+ rN+ MR+ rMut rCorr}.
q - the -2 hat of the Alchemist {rElec rPois rF+ rC+ rN+ MR+ rMut rCorr} The orc warrior says, "I'm a little confused."
The orc warrior hits itself!
Casting: Mephitic Cloud (safe; 12% risk of failure)
Confirm with . or Enter, or press ? or * to list all spells.
Aiming: Mephitic Cloud (safe; 12% risk of failure)
Press: ? - help, Shift-Dir - straight line, f - orc warrior
Aim: an orc warrior, wearing a chain mail (heavily wounded, confused)
The ball explodes into a vile cloud!
The stinking cloud engulfs the orc warrior.
The orc warrior is heavily wounded.
You hear a shout!
The orc warrior seems less confused.
The orc warrior is engulfed in noxious fumes.
The orc warrior appears confused.
Firing (i - inventory. (/) - cycle)
f - 220 stones (quivered)
Press: ? - help, Shift-Dir - straight line, f/p - orc warrior
Aim: an orc warrior, wearing a chain mail (noxious fumes, severely wounded, confused)
You shoot a stone. The stone hits the orc warrior.
The orc warrior is severely wounded.
The orc warrior is engulfed in noxious fumes.
Unknown command.
Firing (i - inventory. (/) - cycle)
f - 219 stones (quivered)
Press: ? - help, Shift-Dir - straight line, f/p - orc warrior
Aim: an orc warrior, wearing a chain mail (severely wounded, confused)
You shoot a stone. The stone hits the orc warrior.
The orc warrior is almost dead.
The orc warrior cries.
Unknown command.
Firing (i - inventory. (/) - cycle)
f - 218 stones (quivered)
Press: ? - help, Shift-Dir - straight line, f/p - orc warrior
Aim: an orc warrior, wearing a chain mail (almost dead, confused)
You shoot a stone. The stone hits the orc warrior.
The orc warrior is almost dead.
The orc warrior wields an uncursed arbalest.
The orc warrior shoots a bolt.
The bolt barely misses you.
Unknown command.
Okay, then.
Okay, then.
Evoke which item? (* to show all) (? for menu, Esc to quit)
You open the lid... ...and a larval weirdox beast leaps out!
You swap places.
The orc warrior shoots a bolt.
The bolt closely misses your larval weirdox beast.
The bolt hits you!
You die...
Kikubaaqudgha rasps: "You have failed me!
Welcome... oblivion!"

##.###########∩##
#%..##.....##.∩)#
#)..#..≈≈≈..#.o(#..
#o(.#.≈≈o≈≈.......≈
#§(.o.≈oo.≈....o..≈
#§..#.≈≈o≈≈.......≈
#..(#..≈≈≈..#...#..
#.H.##.....##...##.
##@###########∩## #
### ##


You could see 2 orc warriors and a friendly larval weirdox beast.

Vanquished Creatures
  The ghost of Patate the Charmwright, a novice GnSk of Makhleb (D:6)
  Joseph (D:7)
  The ghost of Karim the Digger, a novice GnEE (D:4)
  Grinder (D:6)
  Prince Ribbit (D:7)
  Menkaure (D:6)
  4 orc warriors
  A sky beast (D:5)
  A black bear (D:6)
  An ice beast (D:7)
  2 ogres
  3 centaurs
  3 bullfrogs (D:7)
  A water moccasin zombie (D:6)
  A scorpion (D:7)
  2 centaur zombies
  A bullfrog zombie (D:6)
  4 hounds
  3 orc priests
  4 orc wizards
  3 iguanas
  4 worker ants
  Terence (D:2)
  A worker ant zombie (D:8)
  Robin (D:2)
  4 gnolls (D:3)
  10 adders
  A shadow imp (D:8)
  4 oozes
  4 worms
  A dart slug (D:1)
  3 leopard geckos
  17 orcs
  2 giant cockroaches
  15 goblins
  7 hobgoblins
  15 jackals
  2 quokkas
  2 ball pythons
  3 bats
  2 frilled lizards (D:4)
  5 kobolds
  6 rats
150 creatures vanquished.

Vanquished Creatures (collateral kills)
  The ghost of dstrtnsr the Chiller, a novice CeIE (D:5)
  A centaur (D:5)
  A crimson imp (D:5)
  2 worker ants
  3 adders
  3 orcs (D:3)
  A giant cockroach (D:4)
  2 goblins
  A hobgoblin (D:3)
  3 jackals
  A quokka (D:4)
  A frilled lizard (D:5)
20 creatures vanquished.

Grand Total: 170 creatures vanquished

Notes
Turn   | Place    | Note
-------+----------+-------------------------------------------
     0 | D:1      | Amnesiac the Mummy Wizard began the quest for the Orb.
     0 | D:1      | Reached XP level 1. HP: 13/13 MP: 5/5
   301 | D:2      | Reached skill level 1 in Fighting
   500 | D:1      | Found a shattered altar of Ashenzari.
   538 | D:1      | Reached skill level 2 in Dodging
   538 | D:1      | Reached XP level 2. HP: 11/21 MP: 7/7
   553 | D:1      | Learned a level 2 spell: Call Imp
  1158 | D:4      | Reached XP level 3. HP: 23/27 MP: 1/8
  1163 | D:4      | Learned a level 3 spell: Conjure Flame
  1167 | D:4      | Learned a level 3 spell: Mephitic Cloud
  1170 | D:4      | Learned a level 2 spell: Blink
  1409 | D:3      | Found an opulent altar of Gozag.
  1578 | D:5      | Entered Level 5 of the Dungeon
  1578 | D:5      | Noticed a centaur
  1686 | D:5      | Killed a centaur
  1686 | D:5      | Reached skill level 3 in Dodging
  1686 | D:5      | Reached XP level 4. HP: 8/35 MP: 1/10
  1940 | D:4      | Noticed a centaur
  1940 | D:4      | Noticed Karim's ghost (novice GnEE)
  2077 | D:5      | Noticed a centaur
  2090 | D:5      | Killed a centaur
  2090 | D:5      | Reached XP level 5. HP: 41/41 MP: 2/11
  2451 | D:5      | Noticed a sky beast
  2486 | D:5      | Killed a sky beast
  2486 | D:5      | Reached skill level 4 in Dodging
  2486 | D:5      | Reached XP level 6. HP: 29/48 MP: 5/12
  2594 | D:5      | Noticed dstrtnsr's ghost (novice CeIE)
  2663 | D:5      | Killed dstrtnsr's ghost
  2663 | D:5      | Reached skill level 5 in Fighting
  2663 | D:5      | Reached XP level 7. HP: 33/56 MP: 11/13
  2809 | D:5      | Found Hirutopt's Magic Scroll Emporium.
  2814 | D:5      | Bought a scroll of remove curse for 45 gold pieces
  3024 | D:5      | Reached skill level 5 in Dodging
  3033 | D:5      | Found a sparkling altar of Nemelex Xobeh.
  3661 | D:4      | Found a staircase to the Ecumenical Temple.
  3690 | Temple   | Entered the Ecumenical Temple
  3729 | Temple   | Became a worshipper of Kikubaaqudgha
  4014 | D:3      | Found a shadowy altar of Dithmenos.
  4680 | D:1      | Reached * piety under Kikubaaqudgha
  4680 | D:1      | Identified Kikubaaqudgha's Disquisition on Sinister Magic (Kikubaaqudgha gifted it to you on level 1 of the Dungeon)
  4680 | D:1      | Received a gift from Kikubaaqudgha
  4839 | D:2      | Noticed Terence
  4852 | D:2      | Killed Terence
  4875 | D:2      | Found a shattered altar of Ashenzari.
  5072 | D:2      | Noticed Robin
  5094 | D:2      | Killed Robin
  5385 | D:4      | Reached skill level 6 in Dodging
  5385 | D:4      | Reached XP level 8. HP: 64/64 MP: 12/14
  5492 | D:4      | Killed Karim's ghost
  5943 | D:5      | Bought a scroll of enchant weapon for 112 gold pieces
  5959 | D:6      | Noticed Patate's ghost (novice GnSk)
  6027 | D:6      | Killed Patate's ghost
  6052 | D:6      | Learned a level 3 spell: Vampiric Draining
  6265 | D:6      | Found a snail-covered altar of Cheibriados.
  6289 | D:6      | Noticed Menkaure
  6300 | D:6      | Killed Menkaure
  6377 | D:6      | Reached XP level 9. HP: 41/69 MP: 12/15
  6432 | D:6      | Found a blossoming altar of Fedhas.
  6432 | D:6      | Found a sparkling altar of Nemelex Xobeh.
  6521 | D:6      | Reached ** piety under Kikubaaqudgha
  6523 | D:6      | Found a bloodstained altar of Trog.
  6571 | D:6      | Found a stormy altar of Qazlal.
  6641 | D:6      | Found an iron altar of Okawaru.
  6652 | D:6      | Noticed Grinder
  6674 | D:6      | Killed Grinder
  7005 | D:7      | Found a hazy altar of Hepliaklqana.
  7040 | D:7      | Noticed Joseph
  7042 | D:7      | Reached skill level 5 in Spellcasting
  7072 | D:7      | Reached skill level 7 in Dodging
  7671 | D:7      | Killed Joseph
  7969 | D:7      | Found Kouti's Serpentskin Sales.
  7995 | D:7      | Noticed Prince Ribbit
  8023 | D:7      | Killed Prince Ribbit
  8023 | D:7      | Reached skill level 8 in Dodging
  8617 | D:8      | Found a radiant altar of Vehumet.
  8702 | D:8      | Found a flagged portal.
  8710 | Bailey   | Entered a bailey
  8710 | Bailey   | Noticed an orc knight
  8728 | Bailey   | Noticed an orc knight
  8738 | Bailey   | Reached XP level 10. HP: 20/80 MP: 2/19
  8741 | Bailey   | Found the -2 hat of the Alchemist {rElec rPois rF+ rC+ rN+ MR+ rMut rCorr}
  8754 | Bailey   | Shot with a bolt by an orc warrior

Vault maps used:
D:1:      zelgadis_glass_arrival_small, ashenzari_altar_1
D:2:      lemuel_coloured_pillars_altar, uniq_robin, uniq_terence
D:3:      grunt_dithmenos_smoke_and_mirrors, nicolae_overflow_hidden_temple
D:4:      minmay_temple_entry_overgrown, first_ration
D:5:      serial_shops, shop, nemelex_dance_club_becter
D:6:      overflow_temple_1_default, old_standard_altar,
          gammafunk_temple_overflow_wave, basic_altar,
          okawaru_ov_weapons_minmay, uniq_grinder, uniq_menkaure
D:7:      nicolae_overflow_crystal_walls, guppyfry_shop_venom,
          uniq_prince_ribbit1, uniq_joseph
D:8:      vehumet_crystals, enter_bailey_3
Temple:   zaba_magenta_temple
Bailey:   bailey_polearm_4, bailey

Skill      XL: |  1  2  3  4  5  6  7  8  9 |
---------------+----------------------------+-----
Fighting       | 1 3 4 5 6 7 |  7.8
Dodging        | 2 3 4 6 8 |  8.4
Necromancy     | 6 |  6.0
Spellcasting   | 6 |  6.0
Stealth        | |  1.5
Conjurations   | |  0.7
Summonings     | |  0.7
Translocations | |  0.7

Action                   |  1- 3 |  4- 6 |  7- 9 | 10-12 || total
-------------------------+-------+-------+-------+-------++-------
Melee: Dagger            |    52 |    68 |     5 |       ||   125
       Hand axe          |     3 |       |       |       ||     3
 Fire: Hunting sling     |       |       |   610 |     4 ||   614
 Cast: Magic Dart        |     2 |       |       |       ||     2
       Call Imp          |    20 |    27 |    14 |       ||    61
       Mephitic Cloud    |     1 |     2 |    49 |     2 ||    54
       Blink             |     1 |     1 |     1 |       ||     3
       Conjure Flame     |       |     6 |    13 |       ||    19
       Vampiric Draining |       |       |     6 |       ||     6
Evoke: Wand              |     2 |     1 |     3 |       ||     6
       Box of beasts     |       |       |       |     1 ||     1
  Use: Scroll            |     3 |       |    11 |     1 ||    15
 Stab: Sleeping          |     5 |       |       |       ||     5
       Confused          |       |     1 |       |       ||     1
Armor: Robe              |    10 |     6 |    22 |       ||    38
Dodge: Dodged            |    36 |    45 |   183 |     2 ||   266

Table legend:
 A = Spawn XP
 B = Non-spawn XP
 C = Spawn XP percentage of total XP
 D = Spawn monster count
 E = Non-spawn monster count
 F = Spawn count percentage of total count
 G = Total turns spent on level
                    A         B        C        D         E        F      G
               +---------+---------+-------+---------+---------+-------+---------
         Total |       0 |    5675 |   0.0 |       0 |     170 |   0.0 |  8754
               +---------+---------+-------+---------+---------+-------+---------
           D:1 |       0 |      17 |   0.0 |       0 |       9 |   0.0 |   633
           D:2 |       0 |      92 |   0.0 |       0 |      25 |   0.0 |  1251
           D:3 |       0 |     129 |   0.0 |       0 |      30 |   0.0 |   877
           D:4 |       0 |     730 |   0.0 |       0 |      22 |   0.0 |  1597
           D:5 |       0 |     982 |   0.0 |       0 |      21 |   0.0 |  1533
           D:6 |       0 |    1329 |   0.0 |       0 |      22 |   0.0 |  1299
           D:7 |       0 |    1745 |   0.0 |       0 |      23 |   0.0 |  1211
           D:8 |       0 |     247 |   0.0 |       0 |      13 |   0.0 |   252
        Bailey |       0 |     404 |   0.0 |       0 |       5 |   0.0 |    44
               +---------+---------+-------+---------+---------+-------+---------
